 Dungeon Crawl Stone Soup version 0.31-a0-233-g139696dc86 (webtiles) character file.

Game seed: 11164753106781752730

58 qw the Shooter (level 4, -3/26 HPs)
             Began as a Gargoyle Hexslinger on July 9, 2023.
             Slain by a gnoll
             ... wielding a +0 club
              (4 damage)
             ... on level 2 of the Dungeon.
             The game lasted 00:00:30 (699 turns).

qw the Shooter (Gargoyle Hexslinger)                 Turns: 699, Time: 00:00:31

Health: -3/26      AC:  9    Str: 11    XL:     4   Next: 1%
Magic:  5/5        EV: 10    Int: 14    God:
Gold:   37         SH:  0    Dex: 14    Spells: 4/5 levels left

rFire   . . .        Y - +1 sling
rCold   . . .        (no shield)
rNeg    + . .        h - +0 ring mail
rPois   inf          (no helmet)
rElec   +            (no cloak)
rCorr   .            (no gloves)
SInv    .            d - +0 pair of boots
Will    .....        (no amulet)
Stlth   +            (no ring)
HPRegen 0.24/turn    (no ring)
MPRegen 0.09/turn

%: no passive effects
@: no status effects
A: sickness immunity, AC +3, negative energy resistance 1, electricity
resistance, torment resistance 1, petrification resistance
a: no special abilities


You were on level 2 of the Dungeon.
You visited 1 branch of the dungeon, and saw 2 of its levels.

You collected 37 gold pieces.


Innate Abilities, Weirdness & Mutations

You are immune to sickness and miasma.
Your stone body is resilient. (AC +3)
You are immune to poison.
You resist negative energy. (rN+)
You are resistant to electric shocks. (rElec)
You are resistant to unholy torment.
You are immune to petrification.


   Skills:
 - Level 2.0 Fighting
 + Level 3.5 Ranged Weapons
 - Level 1.2 Armour
 - Level 1.5 Dodging
 - Level 1.0 Spellcasting
 - Level 2.6 Hexes


You had 4 spell levels left.
You knew the following spells:

 Your Spells              Type           Power      Damage    Failure   Level
a - Slow                  Hex            32%        N/A       21%         1

Your spell library contained the following spells:

 Spells                   Type           Power      Damage    Failure   Level
 Inner Flame              Hex/Fire       4%         N/A       71%         3
 Portal Projectile        Hex/Tloc       8%         N/A       71%         3
 Cause Fear               Hex            4%         N/A       90%         4

Inventory:

Hand Weapons
 Y - a +1 sling (weapon)
Armour
 d - a +0 pair of boots (worn)
 h - a +0 ring mail (worn)
Scrolls
 a - a scroll of identify {unknown}
Potions
 e - a potion of attraction {unknown}

Dungeon Overview and Level Annotations

Branches:
Dungeon (2/15)

Altars:

Shops:
D:1 (=*:*


Message History

The gnoll is moderately wounded.
A hobgoblin comes into view.
The gnoll hits you from afar with a +0 halberd.
You shoot a sling bullet.
The sling bullet hits the gnoll but does no damage.
The gnoll is moderately wounded.
A jackal comes into view.
The gnoll hits you from afar with a +0 halberd!
You shoot a sling bullet. The jackal barks!
The sling bullet hits the gnoll.
The gnoll is severely wounded.
The gnoll hits you from afar with a +0 halberd!
You shoot a sling bullet.
The sling bullet closely misses the gnoll.
The sling bullet barely misses the gnoll.
The gnoll barely misses you.
A hobgoblin comes into view. It is wielding a +0 dagger.
The gnoll barely misses you. x2
A rat comes into view.
The hobgoblin moves out of view.
You shoot a sling bullet.
The sling bullet hits the gnoll but does no damage.
A jackal comes into view.
The gnoll hits you from afar with a +0 halberd.
The gnoll hits you with a +0 whip.
The jackal moves out of view.
You shoot a sling bullet. The sling bullet hits the gnoll.
The gnoll is lightly wounded.
A jackal comes into view.
The gnoll barely misses you.
A gnoll comes into view. It is wielding a +0 halberd.
The gnoll hits you but does no damage.
The hobgoblin hits you but does no damage.
The gnoll closely misses you. The gnoll hits you but does no damage.
The jackal moves out of view.
You shoot a sling bullet.
The sling bullet closely misses the gnoll.
The gnoll closely misses you. The gnoll hits you with a +0 whip.
The hobgoblin barely misses you. The gnoll hits you with a +0 club.
You die...

#...#...... #......%...
# #..####.### #.
##.####.#
#.########......##
..###g#................
....gg.....##.#.#.....
##hgg..#.##..## ####
###@#.#.##..#
....r>g.#.#.##..#
.########.#.##..#
#.#.##..# #....#..#
#.... #.. #...


You could see 4 gnolls, a jackal, 2 hobgoblins and a rat.

Vanquished Creatures
  2 adders (D:2)
  A dart slug (D:1)
  3 ball pythons
  3 bats
  3 endoplasms
  2 giant cockroaches (D:1)
  3 goblins (D:1)
  6 hobgoblins
  A quokka (D:1)
  A frilled lizard (D:2)
  4 kobolds
  4 rats (D:1)
33 creatures vanquished.

Notes
Turn   | Place    | Note
-------+----------+-------------------------------------------
     0 | D:1      | qw the Gargoyle Hexslinger began the quest for the Orb.
     0 | D:1      | Reached XP level 1. HP: 12/12 MP: 2/2
     0 | D:1      | 0 ||| qw: Version: 0.3-a-51-g015441d
     0 | D:1      | 0 ||| qw: Game counter: 3900
     0 | D:1      | 0 ||| qw: Melee chars always use a shield: true
     0 | D:1      | 0 ||| qw: God list: Okawaru
     0 | D:1      | 0 ||| qw: Allow faded altars: false
     0 | D:1      | 0 ||| qw: Do Orc after clearing Dungeon:15 true
     0 | D:1      | 0 ||| qw: Do second Lair branch before Depths: true
     0 | D:1      | 0 ||| qw: Lair rune preference: random
     0 | D:1      | 0 ||| qw: Goals: Normal
     0 | D:1      | 0 ||| PLANNING D:1-11
    46 | D:1      | Found a faded altar of an unknown god.
    66 | D:1      | Reached XP level 2. HP: 16/16 MP: 3/3
    86 | D:1      | Found Jemeolun's Assorted Antiques.
    99 | D:1      | 99 ||| SHOPLISTING 2 red potions (34 gold, have 9).
    99 | D:1      | 99 ||| SHOPLISTING leather armour (38 gold, have 9).
    99 | D:1      | 99 ||| SHOPLISTING red potion (17 gold, have 9).
    99 | D:1      | 99 ||| SHOPLISTING scroll labelled REISICVU WYINA (19 gold,
                  | have 9).
    99 | D:1      | 99 ||| SHOPLISTING scroll labelled WYACOG VIFI (19 gold,
                  | have 9).
    99 | D:1      | 99 ||| SHOPLISTING sedimented golden potion (17 gold, have
                  | 9).
   107 | D:1      | Found Van Jusi's Book Emporium.
   144 | D:1      | Reached skill level 3 in Ranged Weapons
   193 | D:1      | Found Amixza's Assorted Antiques.
   219 | D:1      | 219 ||| SHOPLISTING black potion (23 gold, have 11).
   219 | D:1      | 219 ||| SHOPLISTING bubbling green potion (23 gold, have
                  | 11).
   219 | D:1      | 219 ||| SHOPLISTING large bone ring (130 gold, have 11).
   219 | D:1      | 219 ||| SHOPLISTING ring mail (104 gold, have 11).
   219 | D:1      | 219 ||| SHOPLISTING scroll labelled HALEWN WISASMU (26
                  | gold, have 11).
   219 | D:1      | 219 ||| SHOPLISTING scroll labelled LOV OFAREAN (26 gold,
                  | have 11).
   258 | D:1      | Reached XP level 3. HP: 17/21 MP: 4/4
   286 | D:1      | Found Loogi's Jewellery Boutique.
   291 | D:1      | 291 ||| SHOPLISTING +6 ring of dexterity (432 gold, have
                  | 19).
   291 | D:1      | 291 ||| SHOPLISTING amulet of the acrobat (360 gold, have
                  | 19).
   291 | D:1      | 291 ||| SHOPLISTING ring of protection from cold (300 gold,
                  | have 19).
   291 | D:1      | 291 ||| SHOPLISTING ring of protection from fire (300 gold,
                  | have 19).
   300 | D:1      | Found Ytsetuc's Weapon Shoppe.
   539 | D:1      | 539 ||| UPGRADING to +0 pair of boots.
   544 | D:1      | 544 ||| UPGRADING to +0 ring mail.
   554 | D:1      | 554 ||| DROPPING +0 robe.
   555 | D:1      | 555 ||| READING scroll labelled JICAMO KUEL.
   558 | D:1      | 558 ||| DRINKING 2 dark potions.
   559 | D:1      | 559 ||| DROPPING scroll of poison.
   560 | D:1      | 560 ||| DROPPING potion of brilliance.
   654 | D:2      | Reached skill level 1 in Armour
   667 | D:2      | Reached XP level 4. HP: 26/26 MP: 5/5
   695 | D:2      | HP: 5/26 [gnoll/+0 halberd (10)]
   699 | D:2      | HP: 1/26 [gnoll/+0 whip (2)]
   699 | D:2      | Slain by a gnoll

Levels and vault maps discovered:
D:1:      zaba_arrival_water, layout_basic, serial_shops, shop,
          nicolae_square_shop, shop, shop, nicolae_shop_stone,
          dreamdust_ecumenical_altar_grove
D:2:      layout_loops_ring, nicolae_half_adder

Skill      XL: |  1  2  3 |
---------------+----------+-----
Ranged Weapons | 3 |  3.5
Fighting       | 2 |  2.0
Armour         | 1 |  1.2
Dodging        | |  1.5
Spellcasting   | |  1.0
Hexes          | |  2.6

Action                     |  1- 3 |  4- 6 || total
---------------------------+-------+-------++-------
   Fire: Sling             |   132 |     9 ||   141
    Use: Scroll            |     1 |       ||     1
         Potion            |     1 |       ||     1
 Armour: Robe              |    31 |       ||    31
         Ring mail         |     5 |     3 ||     8
  Dodge: Dodged            |    61 |     7 ||    68

Table legend:
 A = Non-vault XP
 B = Vault XP
 C = Vault XP percentage of total XP
 D = Non-vault monster count
 E = Vault monster count
 F = Vault count percentage of total count
                 A         B        C        D         E       F
            +---------+---------+-------+---------+---------+-------
      Total |      70 |      13 |  15.7 |      32 |       1 |   3.0
            +---------+---------+-------+---------+---------+-------
        D:1 |      45 |       0 |   0.0 |      24 |       0 |   0.0
        D:2 |      25 |      13 |  34.2 |       8 |       1 |  11.1
            +---------+---------+-------+---------+---------+-------
